 Dungeon Crawl Stone Soup version 0.28.0-1-gb440e238dd (webtiles) character file.

Game seed: 1073576001227882987

6159 Ablot the Magician (level 10, 0/79 HPs)
             Began as a Gnoll Warper on Feb 22, 2022.
             Was a Believer of Okawaru.
             Slain by Erica (13 damage)
             ... on level 8 of the Dungeon.
             The game lasted 00:30:00 (12528 turns).

Ablot the Magician (Gnoll Warper)                  Turns: 12528, Time: 00:30:01

Health: 0/79       AC: 10    Str: 15    XL:     10   Next: 90%
Magic:  21/21      EV: 17    Int: 13    God:    Okawaru [**....]
Gold:   387        SH:  0    Dex: 11    Spells: 22/24 levels left

rFire   . . .      SeeInvis .   s - +2 short sword (drain)
rCold   . . .      Faith    .   (no shield)
rNeg    . . .      Spirit   .   M - +0 acid dragon scales
rPois   +          Reflect  .   B - +0 helmet
rElec   .          Harm     .   (no cloak)
rCorr   +          Rampage  .   F - +0 pair of gloves
Will    .....                   (no boots)
Stlth   +++.......              I - amulet of the acrobat
HPRegen 0.23/turn               H - +4 ring of evasion
MPRegen 0.17/turn               x - ring of poison resistance

@: slowed, very slow
A: fangs 1, strong nose, distributed training
a: Renounce Religion, Heroism


You were on level 8 of the Dungeon.
You worshipped Okawaru.
Okawaru was pleased with you.
You visited 2 branches of the dungeon, and saw 9 of its levels.

You collected 504 gold pieces.
You spent 117 gold pieces at shops.

Inventory:

Hand Weapons
 a - a +0 vampiric trident
 q - a +2 mace of holy wrath
 s - a +2 short sword of draining (weapon)
 P - a +1 long sword of holy wrath
Missiles
 d - 7 boomerangs of dispersal (quivered)
 k - 169 stones
 m - 32 bolts
 v - 185 arrows
 w - 7 throwing nets
 y - 45 sling bullets
 z - 6 poisoned darts
 O - 3 boomerangs
Armour
 g - a +2 robe of positive energy
 t - a +0 ring mail of fire resistance
 B - a +0 helmet (worn)
 F - a +0 pair of gloves (worn)
 K - a +0 buckler
 L - a +1 ring mail of cold resistance
 M - +0 acid dragon scales (worn)
Magical Staves
 S - a staff of conjuration
Jewellery
 u - a ring of protection from cold
 x - a ring of poison resistance (right hand)
 H - a +4 ring of evasion (left hand)
 I - an amulet of the acrobat (around neck)
 N - a +6 ring of dexterity
 Q - a +6 ring of intelligence
Wands
 r - a wand of flame (45)
 G - a wand of iceblast (12)
 T - a wand of paralysis (12)
 V - a wand of acid (7)
Scrolls
 b - 4 scrolls of teleportation
 c - a scroll of blinking
 e - a scroll of fog {unknown}
 h - 4 scrolls of vulnerability
 o - 2 scrolls of identify
 A - a scroll of enchant armour {unknown}
 C - a scroll of magic mapping {unknown}
 D - a scroll of fear {unknown}
 J - a scroll of amnesia {unknown}
Potions
 f - 7 potions of curing
 i - a potion of haste {unknown}
 j - 3 potions of mutation
 l - a potion of ambrosia {unknown}
 n - 4 potions of attraction
 p - 2 potions of might {unknown}
 E - 3 potions of brilliance {unknown}
 R - a potion of invisibility {unknown}
 U - a potion of berserk rage {unknown}


   Skills:
 + Level 7.4 Fighting
 + Level 5.7 Short Blades
 + Level 5.7 Long Blades
 + Level 5.7 Axes
 + Level 5.7 Maces & Flails
 + Level 7.4 Polearms
 + Level 5.7 Staves
 + Level 5.7 Slings
 + Level 5.7 Bows
 + Level 5.7 Crossbows
 + Level 6.3 Throwing
 + Level 6.3 Armour
 + Level 7.4 Dodging
 + Level 5.7 Stealth
 + Level 5.7 Shields
 + Level 5.7 Unarmed Combat
 + Level 7.7 Spellcasting
 + Level 4.7 Conjurations
 + Level 4.7 Hexes
 + Level 4.7 Summonings
 + Level 4.7 Necromancy
 + Level 7.3 Translocations
 + Level 4.7 Transmutations
 + Level 4.7 Fire Magic
 + Level 4.7 Ice Magic
 + Level 4.7 Air Magic
 + Level 4.7 Earth Magic
 + Level 4.7 Poison Magic
 + Level 6.2 Invocations
 + Level 5.7 Evocations


You had 22 spell levels left.
You knew the following spells:

 Your Spells              Type           Power      Damage    Failure   Level
a - Blink                 Tloc           48%        N/A       1%          2

Your spell library contained the following spells:

 Spells                   Type           Power      Damage    Failure   Level
 Foxfire                  Conj/Fire      68%        2x1d7     2%          1
 Magic Dart               Conj           68%        1d6       2%          1
 Gell's Gravitas          Tloc           24%        N/A       2%          3
 Lesser Beckoning         Tloc           24%        N/A       2%          3
 Teleport Other           Tloc           24%        N/A       2%          3
 Corpse Rot               Necr/Air       34%        N/A       4%          2
 Conjure Flame            Conj/Fire      17%        6-21      9%          3
 Ignite Poison            Fire/Tmut/Pois 17%        N/A       9%          3
 Inner Flame              Hex/Fire       17%        N/A       9%          3
 Mephitic Cloud           Conj/Pois/Air  17%        N/A       9%          3
 Dispel Undead            Necr           17%        3d10      26%         4
 Flame Wave               Conj/Fire      17%        2d6       26%         4
 Sticky Flame             Conj/Fire      17%        2d4       26%         4
 Manifold Assault         Tloc           24%        N/A       26%         5
 Call Imp                 Summ           Unusable   N/A       N/A         2
 Death Channel            Necr           Unusable   N/A       N/A         6

Dungeon Overview and Level Annotations

Branches:
Dungeon (8/15)             Temple (1/1) D:7            Lair (0/6) D:8

Altars:
Ashenzari
Cheibriados
Dithmenos
Elyvilon
Fedhas
Gozag
Hepliaklqana
Kikubaaqudgha
Makhleb
Nemelex Xobeh
Okawaru
Qazlal
Ru
Sif Muna
Trog
Uskayaw
Vehumet
Wu Jian
Xom
Yredelemnul
Zin
The Shining One

Shops:
D:5 !

Annotations:
D:8 exclusion: hornet, Erica


Innate Abilities, Weirdness & Mutations

You have very sharp teeth.
Your uncanny sense of smell can sniff out nearby items.
Your experience applies equally to all skills.


Message History

The hornet stings you but does no damage.
Erica gestures at you while chanting.
You are confused.
The hornet stings you.
You feel very sick. Erica completely misses you. The hornet closely misses you.
Erica completely misses you.
You closely miss the hornet.
The hornet is almost dead.
You feel sick. The hornet misses you.
Erica hits you with a +4 scimitar of flaming!
Erica burns you.
* * * LOW HITPOINT WARNING * * *
The hornet stings you but does no damage.
You're too confused to move!
You feel sick.
The hornet stings you but does no damage.
Erica gestures wildly while chanting.
Erica flickers and vanishes!
Deactivating autopickup; reactivate with Ctrl-A.
The hornet barely misses you.
You feel less confused.
You feel sick.
You hear some strange, mumbled words.
You feel as though you will be slow longer.
The hornet completely misses you. Something completely misses you.
You hit the hornet but do no damage. You drain the hornet.
You bite the hornet, but do no damage.
The hornet is almost dead.
You feel sick. The hornet closely misses you. Something hits you.
* * * LOW HITPOINT WARNING * * *
Something burns you.
* * * LOW HITPOINT WARNING * * *
The hornet barely misses you.
You hit the hornet. You drain the hornet.
You kill the hornet!
Okawaru is honoured by your kill.
You feel sick.
You are no longer poisoned.
Something hits you!
You die...

.###...........@..###...y........
..........(.............###.###..
............####..............#..
............#.#.......#.....#...#
#..................#.......###.##
##....................####.# #..#
#.................#..####.###.##
##..###........##.##......##..##
#### ##.......@#.##...........#
##......†{.....#.##......
####.......#..........##
####......##.......#...
###..#.##....#.....#####.
#...<#..##........## #.
##.............#...######
##.....#.##..###...##..#
#....#######..##.......


There were no monsters in sight!

Vanquished Creatures
  A centaur warrior (D:8)
  A hornet (D:8)
  A wyvern (D:7)
  Sigmund (D:2)
  A basilisk (D:7)
  5 yaks
  A steam dragon (D:8)
  An acid dragon (D:5)
  5 ice beasts
  An orc warrior (D:6)
  2 sky beasts
  3 ogres
  2 black bears
  A necrophage (D:6)
  3 centaurs
  A phantom (D:6)
  A kobold brigand (D:8)
  A bullfrog (D:6)
  2 scorpions
  3 gnoll sergeants (D:5)
  A water moccasin skeleton (D:5)
  7 killer bees
  2 bullfrog zombies (D:5)
  A centaur zombie (D:6)
  12 hounds
  2 centaur skeletons (D:5)
  3 jellies
  5 gnoll shamans
  8 orc priests
  A bullfrog skeleton (D:5)
  5 iguanas
  Ijyb (D:3)
  3 orc wizards
  A hound skeleton (D:4)
  31 gnolls
  5 adders
  2 shadow imps (D:3)
  2 white imps
  2 ufetubi
  An adder skeleton (D:5)
  4 dart slugs
  29 orcs
  7 ball pythons
  7 endoplasms
  3 goblins
  5 hobgoblins
  5 jackals (D:5)
  2 quokkas
  3 bats (D:3)
  2 frilled lizards
  15 kobolds
  6 rats (D:1)
220 creatures vanquished.

Vanquished Creatures (others)
  A sky beast (D:6)
  A fungus (D:8)
2 creatures vanquished.

Grand Total: 222 creatures vanquished

Notes
Turn   | Place    | Note
-------+----------+-------------------------------------------
     0 | D:1      | Ablot the Gnoll Warper began the quest for the Orb.
     0 | D:1      | Reached XP level 1. HP: 20/20 MP: 6/6
    56 | D:1      | Found a faded altar of an unknown god.
   203 | D:1      | Reached XP level 2. HP: 26/26 MP: 7/7
   212 | D:1      | Learned a level 2 spell: Blink
   902 | D:2      | Reached skill level 5 in Spellcasting
   902 | D:2      | Reached XP level 3. HP: 7/31 MP: 7/9
  1397 | D:2      | Reached skill level 1 in Invocations
  1774 | D:2      | Reached skill level 1 in Short Blades
  1774 | D:2      | Reached skill level 1 in Long Blades
  1774 | D:2      | Reached skill level 1 in Axes
  1774 | D:2      | Reached skill level 1 in Maces & Flails
  1774 | D:2      | Reached skill level 1 in Staves
  1774 | D:2      | Reached skill level 1 in Slings
  1774 | D:2      | Reached skill level 1 in Bows
  1774 | D:2      | Reached skill level 1 in Crossbows
  1774 | D:2      | Reached skill level 1 in Stealth
  1774 | D:2      | Reached skill level 1 in Shields
  1774 | D:2      | Reached skill level 1 in Unarmed Combat
  1774 | D:2      | Reached skill level 1 in Evocations
  1833 | D:2      | Noticed Sigmund
  1845 | D:2      | Killed Sigmund
  1846 | D:2      | Reached skill level 1 in Conjurations
  1846 | D:2      | Reached skill level 1 in Hexes
  1846 | D:2      | Reached skill level 1 in Summonings
  1846 | D:2      | Reached skill level 1 in Necromancy
  1846 | D:2      | Reached skill level 1 in Transmutations
  1846 | D:2      | Reached skill level 1 in Fire Magic
  1846 | D:2      | Reached skill level 1 in Ice Magic
  1846 | D:2      | Reached skill level 1 in Air Magic
  1846 | D:2      | Reached skill level 1 in Earth Magic
  1846 | D:2      | Reached skill level 1 in Poison Magic
  1846 | D:2      | Reached XP level 4. HP: 19/38 MP: 11/11
  1846 | D:2      | Reached XP level 5. HP: 21/43 MP: 12/12
  2200 | D:3      | Reached XP level 6. HP: 38/50 MP: 13/13
  2343 | D:3      | Found a transporter.
  2359 | D:3      | Found a transporter.
  2408 | D:3      | Noticed Ijyb
  2422 | D:3      | Killed Ijyb
  2578 | D:3      | Reached skill level 5 in Fighting
  2578 | D:3      | Reached skill level 5 in Polearms
  2578 | D:3      | Reached skill level 5 in Dodging
  3942 | D:4      | Reached XP level 7. HP: 39/56 MP: 15/15
  4731 | D:5      | Entered Level 5 of the Dungeon
  4990 | D:5      | Reached XP level 8. HP: 35/63 MP: 16/16
  6343 | D:5      | Found Hitan's Distillery.
  6480 | D:5      | Bought a potion of degeneration for 13 gold pieces
  6480 | D:5      | Bought a potion of curing for 39 gold pieces
  6480 | D:5      | Bought a potion of heal wounds for 65 gold pieces
  6734 | D:5      | Reached XP level 9. HP: 68/69 MP: 18/18
  7254 | D:5      | Reached skill level 5 in Throwing
  7254 | D:5      | Reached skill level 5 in Armour
  8378 | D:6      | Found a glowing silver altar of Zin.
  8457 | D:6      | Reached skill level 5 in Invocations
  9425 | D:7      | Found a staircase to the Ecumenical Temple.
  9434 | Temple   | Entered the Ecumenical Temple
  9671 | Temple   | Became a worshipper of Warmaster Okawaru
  9794 | D:7      | Reached XP level 10. HP: 54/77 MP: 20/20
 10117 | D:7      | Reached skill level 5 in Short Blades
 10117 | D:7      | Reached skill level 5 in Long Blades
 10117 | D:7      | Reached skill level 5 in Axes
 10117 | D:7      | Reached skill level 5 in Maces & Flails
 10117 | D:7      | Reached skill level 5 in Staves
 10117 | D:7      | Reached skill level 5 in Slings
 10117 | D:7      | Reached skill level 5 in Bows
 10117 | D:7      | Reached skill level 5 in Crossbows
 10117 | D:7      | Reached skill level 5 in Stealth
 10117 | D:7      | Reached skill level 5 in Shields
 10117 | D:7      | Reached skill level 5 in Unarmed Combat
 10117 | D:7      | Reached skill level 5 in Evocations
 10798 | D:8      | Found a staircase to the Lair.
 10831 | D:7      | Reached * piety under Okawaru
 11238 | D:8      | Noticed a centaur warrior
 11264 | D:8      | Killed a centaur warrior
 11264 | D:8      | Reached ** piety under Okawaru
 11593 | D:8      | Noticed Erica
 12528 | D:8      | Slain by Erica

Illustrated notes

Levels and vault maps discovered:
D:1:      amcnicky_arrival_feature_with_door, layout_basic,
          hellmonk_ecumenical_altar_crossroads
D:2:      layout_loops_cross, hex_large, grunt_decor_junction, uniq_sigmund
D:3:      gammafunk_wand_slinger, layout_basic, uniq_ijyb
D:4:      layout_basic
D:5:      cheibrodos_barr_body, layout_cave_pools, serial_gnoll_camp,
          gnoll_camp_mini_shop, gnoll_camp_huts_moat, gnoll_camp_mini_hut,
          gnoll_camp_mini_hut, gnoll_camp_mini_doghouse, grunt_ministairs_10
D:6:      layout_basic, mainiacjoe_overflow_24_doors, st_stairs_8
D:7:      layout_rooms, minmay_temple_entry_statues_fountains, st_stairs_5
D:8:      layout_cave_pools, david_lair_generic, uniq_erica
Temple:   mainiacjoe_temple_archimedes_tessellation

Skill      XL: |  1  2  3  4  5  6  7  8  9 10 |
---------------+-------------------------------+-----
Spellcasting   | 5 6 7 |  7.7
Invocations    | 1 2 3 4 5 6 |  6.2
Short Blades   | 1 2 3 4 5 |  5.7
Long Blades    | 1 2 3 4 5 |  5.7
Axes           | 1 2 3 4 5 |  5.7
Maces & Flails | 1 2 3 4 5 |  5.7
Staves         | 1 2 3 4 5 |  5.7
Slings         | 1 2 3 4 5 |  5.7
Bows           | 1 2 3 4 5 |  5.7
Crossbows      | 1 2 3 4 5 |  5.7
Stealth        | 1 2 3 4 5 |  5.7
Shields        | 1 2 3 4 5 |  5.7
Unarmed Combat | 1 2 3 4 5 |  5.7
Evocations     | 1 2 3 4 5 |  5.7
Throwing       | 3 4 5 6 |  6.3
Armour         | 3 4 5 6 |  6.3
Conjurations   | 1 2 3 4 |  4.7
Hexes          | 1 2 3 4 |  4.7
Summonings     | 1 2 3 4 |  4.7
Necromancy     | 1 2 3 4 |  4.7
Transmutations | 1 2 3 4 |  4.7
Fire Magic     | 1 2 3 4 |  4.7
Ice Magic      | 1 2 3 4 |  4.7
Air Magic      | 1 2 3 4 |  4.7
Earth Magic    | 1 2 3 4 |  4.7
Poison Magic   | 1 2 3 4 |  4.7
Fighting       | 5 6 7 |  7.4
Polearms       | 5 6 7 |  7.4
Dodging        | 5 6 7 |  7.4
Translocations | 6 7 |  7.3

Action                   |  1- 3 |  4- 6 |  7- 9 | 10-12 || total
-------------------------+-------+-------+-------+-------++-------
Melee: Spear             |   113 |       |   162 |       ||   275
       Bite              |     7 |     4 |    70 |    38 ||   119
       Punch             |     2 |     4 |    15 |    17 ||    38
       Short sword       |    15 |   105 |   496 |   280 ||   896
       Mace              |       |       |    45 |       ||    45
       Trident           |       |       |       |    24 ||    24
Throw: Stone             |       |     2 |       |       ||     2
       Dart              |       |       |     3 |     8 ||    11
       Boomerang         |       |       |       |     1 ||     1
 Cast: Blink             |       |       |       |     2 ||     2
Invok: Heroism           |       |       |       |     1 ||     1
  Use: Potion            |       |       |     1 |     1 ||     2
       Scroll            |       |       |       |     5 ||     5
 Stab: Distracted        |     1 |       |       |       ||     1
       Sleeping          |     2 |     2 |     2 |     1 ||     7
Armor: Leather armour    |    13 |       |       |       ||    13
       Ring mail         |       |    18 |   122 |       ||   140
       Acid dragon scale |       |       |    74 |   103 ||   177
Dodge: Dodged            |    50 |    81 |   446 |   331 ||   908
